Map: Ruins of Seras

Players

Burt

  • Race: Terran Terran
  • League: Platinum

whirl - Winner!

  • Race: Protoss Protoss
  • League: Gold

VOD

Have the link to the VOD?

Description

Time

  • Played on: Dec. 8, 2015, 1 a.m.
  • Length: 8:17
Show
View Real Time Build Order
Export as new Build Order

Burt Terran 

Build Orders: Reaper Expand 

Get SALT Encoding   

  12  0:01  SCV  
  13  0:13  SCV  
  14  0:18  Supply Depot  
  14  0:25  SCV  
  15  0:40  SCV  
  15  0:41  Barracks  
  16  0:45  Refinery  
  16  0:52  SCV  
  17  1:04  SCV  
  18  1:16  SCV  
  19  1:29  Reaper, Orbital Command  
  20  1:46  Command Center  
  20  1:58  SCV  
  21  2:11  Barracks Tech Lab  
  21  2:14  Supply Depot  
  21  2:15  SCV, Refinery  
  22  2:27  SCV, Factory  
  23  2:35  Marauder  
  25  2:39  SCV  
  26  2:47  Supply Depot  
  26  2:51  SCV  
  26  2:57  Orbital Command  
  27  3:03  SCV  
  28  3:14  Factory Tech Lab  
  28  3:15  SCV  
  29  3:26  Marauder  
  31  3:28  SCV x2  
  32  3:39  Cyclone  
  32  3:40  SCV, Mag-Field Accelerator  
  36  3:51  Starport  
  36  3:52  Refinery  
  37  4:02  SCV  
  37  4:03  SCV  
  38  4:14  Factory  
  38  4:15  SCV  
  39  4:21  SCV  
  40  4:27  SCV  
  40  4:30  Cyclone  
  44  4:36  SCV, Refinery  
  45  4:39  SCV  
  45  4:40  Starport Tech Lab  
  46  4:46  Supply Depot  
  46  4:48  SCV  
  46  4:51  SCV  
  48  4:56  Engineering Bay  
  48  4:59  Supply Depot  
  48  5:00  SCV  
  48  5:03  SCV  
  50  5:08  Cyclone  
  50  5:11  Hellion  
  50  5:13  SCV  
  56  5:15  Raven  
  58  5:27  Supply Depot  
  58  5:29  Command Center, Supply Depot, Missile Turret  
  58  5:31  SCV, Missile Turret  
  58  5:32  SCV  
  60  5:37  Cyclone  
  60  5:40  Hellion  
  65  5:44  SCV x2  
  67  5:52  Supply Depot  
  67  5:58  Raven  
  67  6:02  Hellion, Missile Turret  
  67  6:03  Missile Turret  
  71  6:08  Missile Turret  
  71  6:09  Missile Turret  
  71  6:12  Cyclone  
  71  6:15  SCV x2  
  76  6:23  Hellion, Factory  
  78  6:27  SCV x2  
  78  6:30  Factory  
  80  6:39  SCV x2  
  82  6:44  Cyclone, Orbital Command  
  82  6:45  Hellion  
  87  7:06  Hellion  
  64  7:42  Factory Tech Lab  
  64  7:43  Factory Tech Lab  
  60  7:49  SCV x2  
  66  7:55  Supply Depot, Factory Tech Lab  
  66  7:56  Supply Depot x2  
Show
View Real Time Build Order
Export as new Build Order

whirl Protoss - Winner!

Build Orders:  

Get SALT Encoding   

  12  0:01  Probe (Chrono Boost)  
  13  0:13  Pylon  
  13  0:18  Probe (Chrono Boost)  
  14  0:29  Probe (Chrono Boost)  
  15  0:40  Probe (Chrono Boost)  
  16  0:50  Probe (Chrono Boost)  
  17  1:01  Probe (Chrono Boost)  
  18  1:11  Nexus  
  18  1:20  Gateway  
  18  1:23  Probe (Chrono Boost)  
  19  1:33  Probe (Chrono Boost)  
  20  1:40  Assimilator  
  20  1:44  Probe (Chrono Boost), Assimilator  
  21  1:54  Probe (Chrono Boost), Pylon  
  22  2:06  Probe (Chrono Boost)  
  22  2:07  Cybernetics Core  
  23  2:16  Probe (Chrono Boost)  
  24  2:24  Probe (Chrono Boost)  
  24  2:27  Probe (Chrono Boost)  
  26  2:35  Probe (Chrono Boost)  
  27  2:37  Probe (Chrono Boost)  
  27  2:40  Pylon  
  27  2:43  Stalker (Chrono Boost)  
  27  2:44  Probe  
  30  2:47  Warp Gate  
  30  2:48  Probe  
  32  2:54  Probe  
  33  3:01  Mothership Core  
  33  3:05  Probe  
  34  3:25  Probe  
  34  3:27  Probe  
  34  3:36  Probe  
  34  3:37  Twilight Council  
  34  3:39  Probe  
  36  3:46  Probe  
  37  3:50  Gateway  
  37  3:51  Probe  
  37  3:54  Gateway  
  38  3:57  Probe  
  39  4:03  Probe  
  39  4:07  Probe  
  41  4:14  Blink (Chrono Boost)  
  41  4:15  Probe  
  42  4:18  Probe  
  43  4:24  Gateway  
  43  4:26  Gateway  
  43  4:27  Probe  
  43  4:28  Gateway, Probe  
  45  4:32  Gateway  
  45  4:33  Pylon  
  45  4:38  Stalker  
  47  4:44  Probe, Assimilator  
  47  4:45  Probe  
  49  4:48  Assimilator  
  49  4:54  Robotics Facility  
  49  4:57  Probe  
  49  4:58  Probe, Pylon  
  51  5:10  Probe  
  52  5:23  Stalker x4, Pylon  
  60  5:32  Pylon  
  60  5:38  Stalker x3  
  60  5:42  Observer (Chrono Boost)  
  67  5:51  Pylon  
  67  5:52  Stalker  
  67  5:53  Pylon  
  67  5:54  Stalker  
  71  6:02  Warp Prism (Chrono Boost)  
  73  6:10  Stalker x2  
  77  6:17  Stalker  
  79  6:23  Stalker  
  79  6:24  Stalker  
  83  6:34  Stalker x2  
  80  7:22  Stalker x4  
  76  7:23  Stalker x3  
  72  7:48  Nexus  
  72  7:51  Stalker  
  72  7:52  Stalker x6  
  86  8:15  Stalker x2  
  86  8:16  Stalker x4  
Tags
 
Add a new tag
Caveats
  • Supply blocks, unpowered buildings, or Contaminate may cause inaccurate times.
  • Supply counts are checked every 10 seconds.